 Dungeon Crawl Stone Soup version 0.20-a0-502-g555d78b (webtiles) character file.

119978 tsouns the Unseen (level 17, -1/181 HPs)
             Began as a Halfling Monk on Jan 18, 2017.
             Was a Believer of Uskayaw.
             Slain by a titanic slime creature (2 damage)
             ... on level 2 of the Swamp on Jan 20, 2017.
             The game lasted 02:03:12 (32100 turns).

tsouns the Unseen (Halfling Monk)                  Turns: 32100, Time: 02:03:13

Health: -1/181     AC: 28    Str: 17    XL:     17   Next: 35%
Magic:  27/27      EV:  3    Int:  8    God:    Uskayaw [**....]
Gold:   451        SH:  7    Dex: 19    Spells: 2/16 levels left

rFire    . . .     SeeInvis .   n - +2 quick blade
rCold    . . .     Gourm    .   (armour currently unavailable)
rNeg     + + +     Faith    .   g - +0 buckler
rPois    +         Spirit   .   (helmet currently unavailable)
rElec    .         Reflect  .   (cloak currently unavailable)
rCorr    .         Harm     .   (gloves currently unavailable)
MR       +....     Clarity  +   (boots currently unavailable)
Stlth    +++++++... NoTele   +  K - amulet of magic regeneration
Regen    0.4/turn               r - +1 ring of slaying
                                w - ring of stealth

@: tree-form
A: clarity, mutation resistance 1
a: Stomp, Line Pass, Renounce Religion


You were on level 2 of the Swamp.
You worshipped Uskayaw.
Uskayaw was pleased with you.
You were not hungry.
You were a tree.
You visited 5 branches of the dungeon, and saw 26 of its levels.
You also visited: Labyrinth.

You collected 2187 gold pieces.
You spent 1736 gold pieces at shops.

Inventory:

Hand Weapons
 k - the +7 Spriggan's Knife {MR+ EV+4 Dex+4 Stlth+}
   (You found it on level 6 of the Lair of Beasts)

   It affects your evasion (+4).
   It affects your dexterity (+4).
   It affects your resistance to hostile enchantments.
   It makes you more stealthy.
 n - a +2 quick blade (weapon)
 x - a +2 hunting sling of velocity
Missiles
 a - a throwing net (quivered)
 j - 169 sling bullets
 m - 23 tomahawks
Armour
 g - a +0 buckler (worn)
 l - +6 acid dragon scales
 v - a +1 helmet (melded)
 C - +0 swamp dragon scales (melded)
 U - a +1 cloak (melded)
 W - a +1 pair of boots (melded)
 Y - a +2 pair of gloves of strength (melded)
Jewellery
 r - a +1 ring of slaying (right branch)
 w - a ring of stealth (left branch)
 K - an amulet of magic regeneration (around neck)
 Z - a +2 ring of protection
Wands
 e - a wand of polymorph (11/24)
 i - a wand of clouds (0/9)
 F - a wand of digging (13/24)
 H - a wand of iceblast (8/15)
 I - a wand of paralysis (5/24)
 L - a wand of scattershot (0/9)
 N - a wand of enslavement (13/24)
 O - a wand of lightning (11/15)
 Q - a wand of acid (6/15)
Scrolls
 b - a scroll of summoning
 f - 6 scrolls of magic mapping
 o - 14 scrolls of teleportation
 q - 5 scrolls of recharging
 A - a scroll of blinking
 B - 4 scrolls of enchant weapon
 E - 4 scrolls of remove curse
 R - a scroll of fear
 V - 2 scrolls of fog
 X - 5 scrolls of identify
Potions
 d - 2 potions of lignification
 h - 3 potions of haste
 p - 4 potions of heal wounds
 t - 5 potions of curing
 u - a potion of flight
 y - a potion of agility
 z - 4 potions of cancellation
 G - 2 potions of berserk rage
 J - a potion of resistance
 M - 3 potions of ambrosia
 P - 4 potions of might
 T - 3 potions of magic
Comestibles
 c - 17 bread rations
 s - 2 fruits
 S - 2 meat rations


   Skills:
 + Level 12.9 Fighting
 - Level 14.8 Short Blades
 - Level 7.0 Slings
 - Level 9.1 Armour
 - Level 9.3 Dodging
 + Level 15.3 Stealth
 - Level 5.6 Shields
 + Level 13.6 Invocations
 - Level 6.4 Evocations


You had 2 spell levels left.
You knew the following spells:

 Your Spells              Type           Power        Failure   Level  Hunger
a - Call Imp              Summ           #.......     69%         2    ###....
b - Summon Ice Beast      Ice/Summ       #.......     100%        4    #####..
c - Confuse               Hex            #.......     95%         3    ####...
d - Ensorcelled Hibernat  Hex/Ice        #.....       69%         2    ###....
e - Tukima's Dance        Hex            #.......     95%         3    ####...


Dungeon Overview and Level Annotations

Branches:
Dungeon (15/15)            Temple (1/1) D:5            Lair (6/6) D:10
  Swamp (2/4) Lair:4        Snake (0/4) Lair:3        Slime (0/5) Lair:5
    Orc (2/2) D:11            Elf (0/3) Orc:2        Vaults (0/5) D:14
 Depths (0/5) D:15

Altars:
Ashenzari
Cheibriados
Dithmenos
Elyvilon
Fedhas
Gozag
Hepliaklqana
Kikubaaqudgha
Makhleb
Nemelex Xobeh
Okawaru
Qazlal
Ru
Sif Muna
Trog
Uskayaw
Vehumet
Xom
Yredelemnul
Zin
The Shining One
Beogh
Jiyva

Shops:
D:7 [   D:12 !   Orc:2 :?[?:!?

Annotations:
D:8 exclusion: ice statue


Innate Abilities, Weirdness & Mutations

You are small and have problems with some larger weapons.
You are somewhat resistant to further mutation.
You possess an exceptional clarity of mind.


Message History

* * * LOW HITPOINT WARNING * * *
You hit the slime creature.
The slime creature is almost dead.
Unknown command.
You feel much better.
The spriggan rider hits you but does no damage.
The slime creature hits you but does no damage.
The enormous slime creature hits you but does no damage.
The titanic slime creature barely misses you.
You puncture the slime creature!
The slime creature is almost dead.
You hit the slime creature.
You kill the slime creature!
The spriggan rider hits you but does no damage.
You hit the enormous slime creature.
The enormous slime creature is lightly wounded.
The enormous slime creature hits you!!!
* * * LOW HITPOINT WARNING * * *
The titanic slime creature hits you.
You die...

♣♣♣♣♣ ♣♣♣♣♣♣ ♣§≈≈♣♣♣
♣≈...♣♣♣♣♣♣♣ ♣♣. ♣.≈≈.§♣
♣♣≈≈≈...?≈≈♣♣ ♣≈≈♣ ♣.≈≈§.♣
♣≈≈≈≈......♣♣ ...≈♣♣ ♣♣...>♣
♣.§≈≈......≈♣ ...... ♣.≈≈≈♣♣
♣.(≈≈≈≈≈..≈.♣♣ ≈...≈.♣
♣♣.≈iJ♣♣♣♣≈.§≈≈≈≈≈≈≈.≈♣
≈.<≈≈§≈♣♣♣....J♣♣♣........≈≈≈.≈♣
≈≈..≈≈.........♣♣.....†......≈♣♣
≈≈≈.≈≈....≈≈≈≈..≈≈≈≈.....!♣♣♣♣♣
≈≈≈≈≈≈≈.§.≈≈≈≈§..≈≈≈≈≈≈≈≈..♣♣♣♣♣
≈≈.....≈≈≈≈≈≈≈.♣≈≈≈.§≈≈≈≈≈≈.≈♣♣.
>.§≈≈..≈≈≈≈..♣♣♣♣.≈≈≈≈≈≈≈≈......
.♣♣♣♣≈.≈.≈≈≈.♣ ♣..≈≈≈≈≈≈..≈..≈.
♣♣♣♣.≈≈≈§♣ ♣..≈≈≈≈≈..≈≈≈...


You could see a titanic slime creature, an enormous slime creature and a
spriggan rider.

Vanquished Creatures
  A tentacled monstrosity (Swamp:2)
  Gastronok (Lair:2)
  A stone giant (Orc:1)
  Nessos (D:13)
  Azrael (D:14)
  A dire elephant (Lair:6)
  A minotaur (Lab)
  Snorg (Lair:6)
  Josephine (D:12)
  A catoblepas (Lair:6)
  15 hydras
  7 two-headed ogres
  5 alligators
  5 centaur warriors
  A deep troll shaman (Lair:6)
  3 death yaks (Lair:6)
  Urug (D:13)
  7 orc high priests (Orc:2)
  5 unseen horrors
  2 lindwurms (Lair:6)
  A wizard (D:14)
  3 swamp dragons
  12 ugly things
  An orc sorcerer (Orc:1)
  4 cyclopes
  A deep elf mage (D:13)
  A salamander (D:15)
  4 manticores
  A wolf spider (D:15)
  4 black mambas
  A gargoyle (D:13)
  Maurice (D:13)
  21 elephants
  A torpor snail (Lair:3)
  17 spiny frogs
  9 rime drakes
  6 komodo dragons
  3 kobold demonologists
  The ghost of Duffy the Chopper, a novice GrFi (D:6)
  A tengu conjurer (D:15)
  3 meliai (D:14)
  5 trolls
  2 polar bears
  5 tyrant leeches
  2 bog bodies (Swamp:1)
  A hornet (Swamp:1)
  13 slime creatures
  A meliai zombie (D:14)
  11 blink frogs
  4 dream sheep (Lair:3)
  15 hippogriffs
  A shadow (D:14)
  Sigmund (D:2)
  A snapping turtle (shapeshifter) (D:15)
  A spriggan (Lair:2)
  A vampire (D:15)
  51 yaks
  6 wraiths
  12 wyverns
  2 fire elementals (D:14)
  Grum (D:8)
  A fire bat (D:6)
  9 basilisks
  5 hungry ghosts
  14 vampire mosquitoes
  A steam dragon (D:12)
  Menkaure (D:6)
  8 wargs (Orc:2)
  5 insubstantial wisps (Swamp:2)
  2 acid dragons
  5 swamp worms
  4 hell hounds
  15 water moccasins
  7 swamp drakes
  6 porcupines
  12 orc warriors
  7 ice beasts
  5 sky beasts
  3 black bears
  A hornet zombie (D:10)
  3 phantoms
  3 necrophages
  16 ogres
  20 wolves
  12 centaurs
  10 crocodiles
  2 big kobolds
  3 wyvern zombies
  19 bullfrogs
  Dowan (D:6)
  2 scorpions
  13 killer bees
  9 wights
  2 howler monkeys
  6 electric eels
  6 crimson imps
  A bullfrog zombie (D:7)
  5 centaur zombies
  6 human zombies (D:7)
  7 hounds
  3 centaur skeletons
  4 jellies
  41 orc priests
  31 orc wizards
  3 bullfrog skeletons
  3 iguanas
  7 worker ants
  A killer bee zombie (D:8)
  An ogre zombie (D:7)
  A hound skeleton (D:10)
  A mummy (D:7)
  3 worker ant zombies
  2 howler monkey skeletons
  11 adders
  7 shadow imps
  An ooze (D:3)
  A dart slug (D:5)
  6 leopard geckos
  106 orcs
  A ball python (D:3)
  6 giant cockroaches
  5 goblins
  4 hobgoblins
  14 jackals
  A quokka (D:7)
  4 bats
  3 frilled lizards
  A jackal zombie (D:5)
  12 kobolds
  An orc zombie (D:7)
  2 quokka skeletons
  2 rats (D:2)
  A fungus (Lair:3)
840 creatures vanquished.

Vanquished Creatures (collateral kills)
  2 killer bees
2 creatures vanquished.

Vanquished Creatures (others)
  An ogre (Orc:2)
  A killer bee (D:12)
  An orc (D:14)
  15 fungi
  12 plants
30 creatures vanquished.

Grand Total: 872 creatures vanquished

Notes
Turn   | Place    | Note
-------+----------+-------------------------------------------
     0 | D:1      | tsouns the Halfling Monk began the quest for the Orb.
     0 | D:1      | Reached XP level 1. HP: 15/15 MP: 1/1
   308 | D:1      | Reached XP level 2. HP: 20/20 MP: 2/2
   511 | D:1      | Reached skill level 5 in Dodging
   511 | D:1      | Reached skill level 5 in Stealth
   511 | D:1      | Reached XP level 3. HP: 27/27 MP: 3/3
   801 | D:2      | Noticed Sigmund
   807 | D:2      | Killed Sigmund
   807 | D:2      | Reached skill level 1 in Armour
   807 | D:2      | Reached XP level 4. HP: 34/34 MP: 4/4
   807 | D:2      | Reached XP level 5. HP: 38/38 MP: 5/5
   807 | D:2      | Reached XP level 6. HP: 45/45 MP: 6/6
  1200 | D:3      | Noticed an ogre
  1227 | D:3      | Killed an ogre
  1227 | D:3      | Reached skill level 1 in Shields
  2372 | D:3      | Reached skill level 6 in Stealth
  2659 | D:4      | Reached XP level 7. HP: 38/49 MP: 7/7
  3291 | D:5      | Entered Level 5 of the Dungeon
  3345 | D:5      | Found a staircase to the Ecumenical Temple.
  3353 | Temple   | Entered the Ecumenical Temple
  3498 | Temple   | Became a worshipper of Uskayaw the Reveler
  3498 | Temple   | Reached * piety under Uskayaw
  3588 | D:5      | Reached ** piety under Uskayaw
  3598 | D:5      | Reached *** piety under Uskayaw
  3604 | D:5      | Reached **** piety under Uskayaw
  3609 | D:5      | Reached XP level 8. HP: 28/54 MP: 8/8
  3609 | D:5      | Reached ***** piety under Uskayaw
  3638 | D:5      | Reached skill level 5 in Shields
  4268 | D:5      | Found a burning altar of Makhleb.
  4271 | D:5      | Found a sparkling altar of Nemelex Xobeh.
  4274 | D:5      | Found a glowing golden altar of the Shining One.
  4806 | D:5      | Reached skill level 1 in Slings
  5300 | D:6      | Reached skill level 5 in Fighting
  5300 | D:6      | Reached XP level 9. HP: 61/61 MP: 9/9
  5358 | D:6      | Noticed Duvessa
  5358 | D:6      | Noticed Dowan
  5388 | D:6      | Noticed Duvessa
  5388 | D:6      | Duvessa changed into Duvessa the fire bat
  5420 | D:6      | Killed Duvessa the fire bat
  5420 | D:6      | Reached skill level 1 in Invocations
  5444 | D:6      | Killed Dowan
  5498 | D:6      | Noticed Menkaure
  5729 | D:6      | Noticed Duffy's ghost (novice GrFi)
  5773 | D:6      | Killed Duffy's ghost
  5773 | D:6      | Reached skill level 5 in Armour
  6176 | D:6      | Killed Menkaure
  6232 | D:6      | Found a blossoming altar of Fedhas.
  6281 | D:6      | Noticed a two-headed ogre
  6294 | D:6      | HP: 2/61 [two-headed ogre/giant club (21)]
  6369 | D:6      | Killed a two-headed ogre
  6369 | D:6      | Reached skill level 5 in Slings
  6369 | D:6      | Reached skill level 7 in Stealth
  6369 | D:6      | Reached XP level 10. HP: 15/68 MP: 10/12
  7403 | D:7      | Found Perisusch's Armour Shop.
  7406 | D:7      | Bought a +0 cloak for 58 gold pieces
  7406 | D:7      | Bought a +0 pair of gloves for 58 gold pieces
  7653 | D:7      | Found a basalt altar of Yredelemnul.
  7957 | D:8      | Noticed Grum
  8016 | D:8      | Killed Grum
  8353 | D:8      | Found a snail-covered altar of Cheibriados.
  8478 | D:8      | Noticed an ice statue
  8983 | D:8      | Reached skill level 5 in Invocations
  8993 | D:8      | Reached skill level 8 in Stealth
  9323 | D:9      | Reached XP level 11. HP: 67/74 MP: 9/14
  9329 | D:9      | Reached skill level 10 in Short Blades
  9411 | D:9      | Found a deep blue altar of Sif Muna.
  9412 | D:9      | Found a radiant altar of Vehumet.
  9613 | D:9      | Noticed a two-headed ogre
  9619 | D:9      | Killed a two-headed ogre
  9634 | D:9      | Noticed a two-headed ogre
  9657 | D:9      | Killed a two-headed ogre
  9657 | D:9      | Reached skill level 9 in Stealth
  9872 | D:9      | Learned a level 2 spell: Call Imp
  9877 | D:9      | Learned a level 4 spell: Summon Ice Beast
 10084 | D:9      | Found a glowing silver altar of Zin.
 10084 | D:9      | Found an iron altar of Okawaru.
 10172 | D:10     | Entered Level 10 of the Dungeon
 10284 | D:10     | Killed an unseen horror
 10917 | D:10     | Noticed a two-headed ogre
 10944 | D:10     | Killed a two-headed ogre
 10966 | D:10     | Upgraded the game from 0.20-a0-495-g2241292 to 0.20-a0-501-g0de2c2e
 11092 | D:10     | Found a staircase to the Lair.
 11591 | D:10     | Reached XP level 12. HP: 81/81 MP: 17/17
 11659 | D:10     | Noticed a two-headed ogre
 11684 | D:10     | Killed a two-headed ogre
 12018 | Lair:1   | Entered Level 1 of the Lair of Beasts
 12018 | Lair:1   | Noticed a seven-headed hydra
 12022 | Lair:1   | Killed a seven-headed hydra
 12353 | Lair:1   | Noticed Sonja
 12354 | Lair:1   | Noticed Sonja
 12354 | Lair:1   | Sonja changed into Sonja the troll
 12371 | Lair:1   | Killed Sonja the troll
 12703 | Lair:1   | Learned a level 3 spell: Confuse
 13432 | Lair:2   | Found a labyrinth entrance.
 13442 | Lab      | Entered a labyrinth
 13883 | Lab      | Noticed a minotaur
 13991 | Lab      | Killed a minotaur
 14404 | Lair:2   | Noticed Gastronok
 14434 | Lair:2   | Killed Gastronok
 14434 | Lair:2   | Reached skill level 10 in Stealth
 14693 | Lair:2   | Noticed an eight-headed hydra
 14703 | Lair:1   | Killed an eight-headed hydra
 14718 | Lair:2   | Reached ****** piety under Uskayaw
 14723 | Lair:2   | Reached skill level 1 in Evocations
 14774 | Lair:2   | Reached XP level 13. HP: 45/89 MP: 19/19
 15247 | Lair:2   | Noticed a seven-headed hydra
 15265 | Lair:2   | Killed a seven-headed hydra
 16238 | Lair:3   | Learned a level 2 spell: Ensorcelled Hibernation
 16845 | Lair:3   | Found a staircase to the Snake Pit.
 17248 | Lair:4   | Found a staircase to the Swamp.
 17367 | Lair:4   | Identified a scroll of acquirement
 17534 | Lair:4   | Noticed a five-headed hydra
 17593 | Lair:4   | Killed a five-headed hydra
 17593 | Lair:4   | Reached skill level 11 in Stealth
 17606 | Lair:4   | Reached XP level 14. HP: 75/98 MP: 21/21
 18637 | Lair:5   | Found a staircase to the Slime Pits.
 18972 | Lair:6   | Entered Level 6 of the Lair of Beasts
 19308 | Lair:6   | Noticed a dire elephant
 19551 | Lair:6   | Killed a dire elephant
 19747 | Lair:6   | Reached skill level 10 in Fighting
 20259 | Lair:6   | Reached skill level 10 in Invocations
 20259 | Lair:6   | Reached skill level 5 in Evocations
 20266 | Lair:6   | Noticed Snorg
 21157 | Lair:6   | Reached XP level 15. HP: 99/103 MP: 22/22
 21871 | Lair:6   | Killed Snorg
 22384 | D:11     | Learned a level 3 spell: Tukima's Dance
 23245 | D:11     | Found a staircase to the Orcish Mines.
 23414 | D:11     | Gained mutation: You possess an exceptional clarity of mind. [potion of beneficial mutation]
 23723 | Orc:1    | Entered Level 1 of the Orcish Mines
 23736 | Orc:1    | Reached skill level 12 in Stealth
 23809 | Orc:2    | Entered Level 2 of the Orcish Mines
 23974 | Orc:2    | Found Duipitz's Magic Scroll Boutique.
 23980 | Orc:2    | Bought a scroll of magic mapping for 59 gold pieces
 23980 | Orc:2    | Bought a scroll of identify for 34 gold pieces
 23980 | Orc:2    | Bought a scroll of recharging for 161 gold pieces
 24154 | Orc:2    | Found Rotan's Antique Armour Shop.
 24269 | Orc:2    | Found a roughly hewn altar of Beogh.
 24363 | Orc:2    | Found Hein's Book Shoppe.
 24414 | Orc:2    | Found Boudo's Distillery.
 24465 | Orc:2    | Bought a potion of heal wounds for 50 gold pieces
 24465 | Orc:2    | Bought a potion of haste for 100 gold pieces
 24465 | Orc:2    | Bought a potion of haste for 100 gold pieces
 24465 | Orc:2    | Bought a potion of curing for 30 gold pieces
 24465 | Orc:2    | Bought a potion of curing for 30 gold pieces
 24563 | Orc:2    | Found a radiant altar of Vehumet.
 24651 | Orc:2    | Found Cumum's Magic Scroll Shoppe.
 24716 | Orc:1    | Noticed a stone giant
 24723 | Orc:1    | Killed a stone giant
 25037 | Orc:2    | Found Gufra's Magic Scroll Boutique.
 25106 | Orc:2    | Found Aweoffae's Book Shoppe.
 25207 | Orc:2    | Found a staircase to the Elven Halls.
 25479 | Orc:2    | Bought a scroll of enchant armour for 105 gold pieces
 25479 | Orc:2    | Bought a scroll of enchant armour for 105 gold pieces
 25479 | Orc:2    | Bought a scroll of enchant armour for 105 gold pieces
 25479 | Orc:2    | Bought a scroll of enchant weapon for 105 gold pieces
 25479 | Orc:2    | Bought a scroll of identify for 28 gold pieces
 25479 | Orc:2    | Bought a scroll of recharging for 133 gold pieces
 25479 | Orc:2    | Bought a scroll of identify for 28 gold pieces
 25479 | Orc:2    | Bought a scroll of magic mapping for 49 gold pieces
 25479 | Orc:2    | Bought a scroll of magic mapping for 49 gold pieces
 25528 | Orc:2    | Bought a scroll of enchant weapon for 112 gold pieces
 25528 | Orc:2    | Bought a scroll of identify for 30 gold pieces
 25528 | Orc:2    | Bought a scroll of torment for 112 gold pieces
 25528 | Orc:2    | Bought a scroll of teleportation for 45 gold pieces
 25568 | D:12     | Found Voholulu's Distillery.
 25577 | D:12     | Bought a potion of heal wounds for 50 gold pieces
 25843 | D:12     | Noticed Josephine
 25867 | D:12     | Killed Josephine
 26699 | D:12     | Reached skill level 13 in Stealth
 26708 | D:12     | Reached XP level 16. HP: 112/112 MP: 24/24
 26891 | D:13     | Noticed Maurice
 26895 | D:13     | Killed Maurice
 26905 | D:13     | Noticed Nessos
 26913 | D:13     | Killed Nessos
 26954 | D:13     | Noticed Urug
 27009 | D:13     | Killed Urug
 27959 | D:14     | Found a stormy altar of Qazlal.
 28069 | D:14     | Noticed Azrael
 28092 | D:14     | Killed Azrael
 28191 | D:14     | Reached skill level 14 in Stealth
 28355 | D:14     | Found a gate to the Vaults.
 28615 | D:15     | Entered Level 15 of the Dungeon
 28788 | D:15     | Found a staircase to the Depths.
 29313 | D:15     | Upgraded the game from 0.20-a0-501-g0de2c2e to 0.20-a0-502-g555d78b
 29790 | Swamp:1  | Entered Level 1 of the Swamp
 29904 | Swamp:1  | Found an iron altar of Okawaru.
 29976 | Swamp:1  | Reached XP level 17. HP: 116/121 MP: 26/26
 30183 | Swamp:1  | Got a spiked chain mail
 30184 | Swamp:1  | Identified the cursed +0 chain mail of Tender Moments {rElec rPois} (You found it on level 1 of the Swamp)
 31305 | Swamp:2  | Noticed a tentacled monstrosity
 31309 | Swamp:2  | Killed a tentacled monstrosity
 31309 | Swamp:2  | Reached skill level 15 in Stealth
 32100 | Swamp:2  | HP: 1/181 [enormous slime creature (37)]
 32100 | Swamp:2  | Slain by a titanic slime creature

Vault maps used:
D:1:      dpeg_arrival_fog
D:2:      first_bread, serial_bayou_pond_e, uniq_sigmund
D:3:      serial_corexii_hall, corexii_hall_statues_l, corexii_hall_statues_s
D:5:      grunt_temple_overflow_diamond
D:6:      nicolae_overflow_hidden_temple, uniq_menkaure, uniq_duvessa
D:7:      lemuel_mausoleum_altar_yredelemnul, serial_shops, kennysheep_mini_moat
D:8:      lemuel_ice_statue, cheibriados_altar_1, grunt_ogre_cave, uniq_grum
D:9:      gammafunk_temple_overflow_pools, gammafunk_temple_overflow_wave
D:10:     erik_lair_dragon
D:11:     hiddenorc2_lemuel
D:12:     serial_shops, shop, uniq_josephine
D:13:     uniq_maurice, uniq_urug, uniq_nessos
D:14:     nicolae_qazlal_eye_of_the_storm, uniq_azrael
D:15:     hangedman_depths_entry_try_elsewhere_first, fountainhead,
          roderic_st_hans_cross
Temple:   pf_slime_end_temple
Lair:1:   statuecave_lemuel, grunt_forest_stairs_basic, uniq_sonja
Lair:2:   lab_entry_generic, grunt_forest_large_clearing_hut,
          grunt_megastairs_5, infiniplex_staircase_pool_2, uniq_gastronok
Lair:3:   dummy_snake_entry
Lair:4:   minmay_swamp_entry_eels
Lair:5:   slime_dummy, serial_bayou_shore_b
Lair:6:   grunt_lair_end_beastmaster, enter_volcano_3, hibernation_bobbens,
          uniq_snorg
Swamp:1:  nicolae_swamp_godswood, swamp_pool1
Swamp:2:  nicolae_swamp_stair_fork
Orc:2:    st_orc_town, basic_altar, serial_shops, nicolae_shop_behind_doors,
          shop, nicolae_shop_statue_plus, nicolae_orc_lava_room
Lab:      labyrinth_mini_lab, labyrinth_skeletal_remains, nicolae_lab_lava,
          nicolae_lab_garden

Skill      XL: |  1  2  3  4  5  6  7  8  9 10 11 12 13 14 15 16 17 |
---------------+----------------------------------------------------+-----
Fighting       | 4 5 6 7 8 9 10 11 12 | 12.9
Short Blades   | 8 9 11 12 14 | 14.8
Dodging        | 5 6 7 8 9 |  9.3
Stealth        | 5 6 7 8 9 10 11 13 14 15 | 15.3
Armour         | 1 2 4 5 6 7 9 |  9.1
Shields        | 2 4 5 |  5.6
Slings         | 3 5 7 |  7.0
Invocations    | 3 5 7 8 9 10 11 13 | 13.6
Evocations     | 1 3 5 6 |  6.4

Action                   |  1- 3 |  4- 6 |  7- 9 | 10-12 | 13-15 | 16-18 || total
-------------------------+-------+-------+-------+-------+-------+-------++-------
Melee: Short sword       |    30 |   100 |   357 |   901 |   460 |       ||  1848
       Unarmed           |       |       |     1 |       |       |       ||     1
       Quick blade       |       |       |       |   115 |     3 |   100 ||   218
       Rapier            |       |       |       |       |   396 |       ||   396
       Knife             |       |       |       |       |  1278 |  1079 ||  2357
 Fire: Hunting sling     |       |       |     3 |    11 |       |       ||    14
Throw: Stone             |       |     1 |       |     1 |       |       ||     2
       Tomahawk          |       |     1 |       |       |       |       ||     1
Invok: Line Pass         |       |       |     4 |    10 |    16 |       ||    30
       Stomp             |       |       |       |     8 |    42 |    10 ||    60
       Grand Finale      |       |       |       |     1 |       |       ||     1
Evoke: Wand              |       |       |     9 |    15 |     9 |     1 ||    34
  Use: Scroll            |     8 |     2 |     9 |    17 |    12 |    12 ||    60
       Potion            |     2 |     1 |     3 |     5 |     2 |     7 ||    20
 Stab: Sleeping          |     6 |    16 |    16 |    55 |    44 |    35 ||   172
       Invisible         |     2 |       |       |     2 |       |       ||     4
       Confused          |       |       |     7 |     5 |    13 |     1 ||    26
       Paralysed         |       |       |       |    21 |    68 |    44 ||   133
       Distracted        |       |       |       |     1 |     7 |     5 ||    13
  Eat: Chunk             |       |     4 |     5 |    13 |    36 |     7 ||    65
       Beef jerky        |       |     1 |       |     2 |     6 |       ||     9
       Pizza             |       |       |     1 |       |       |     1 ||     2
       Bread ration      |       |       |     2 |     3 |     1 |       ||     6
       Fruit             |       |       |     1 |       |       |     6 ||     7
       Royal jelly       |       |       |       |     2 |       |       ||     2
       Meat ration       |       |       |       |       |       |     2 ||     2
Armor: Robe              |     2 |       |       |       |       |       ||     2
       Leather armour    |       |     8 |    31 |   116 |   213 |       ||   368
       Skin              |       |     3 |       |       |       |     8 ||    11
       Plate armour      |       |       |       |    39 |    21 |       ||    60
       Troll leather arm |       |       |       |       |    74 |    70 ||   144
       Acid dragon scale |       |       |       |       |       |    60 ||    60
       Swamp dragon scal |       |       |       |       |       |    32 ||    32
Dodge: Dodged            |    24 |    24 |   138 |   342 |  1155 |   701 ||  2384
Block: Buckler           |       |    14 |    55 |   166 |   462 |   254 ||   951
